 Dungeon Crawl Stone Soup version 0.31.0-32-g396128a36d (webtiles) character file.

Game seed: 3695948852283390497

637 Curundu the Chopper (level 7, -1/64 HPs)
             Began as a Minotaur Berserker on Apr 4, 2024.
             Was a Believer of Trog.
             Slain by a gnoll
             ... wielding a +0 spear
              (6 damage)
             ... on level 3 of the Dungeon.
             The game lasted 00:08:40 (2426 turns).

Curundu the Chopper (Minotaur Berserker)            Turns: 2426, Time: 00:08:41

Health: -1/64      AC:  2    Str: 30    XL:     7   Next: 25%
Magic:  6/6        EV: 13    Int:  4    God:    Trog [**....]
Gold:   268        SH:  0    Dex:  9    Spells: 6/6 levels left

rFire   . . .        a - +0 hand axe
rCold   . . .        (no shield)
rNeg    . . .        b - +0 animal skin
rPois   .            (helmet restricted)
rElec   .            (no cloak)
rCorr   .            (no gloves)
SInv    +            (no boots)
Will    .....        (no amulet)
Stlth   +            p - ring of see invisible
HPRegen 0.30/turn    t - +6 ring of strength
MPRegen 0.10/turn

%: no passive effects
@: no status effects
A: horns 2, retaliatory headbutt
a: Renounce Religion, Berserk, Trog's Hand


You were on level 3 of the Dungeon.
You worshipped Trog.
Trog was pleased with you.
You visited 1 branch of the dungeon, and saw 3 of its levels.

You collected 268 gold pieces.

Inventory:

Hand Weapons
 a - a +0 hand axe (weapon)
Missiles
 k - 2 throwing nets (quivered)
 v - a boomerang
Armour
 b - a +0 animal skin (worn)
Jewellery
 f - a ring of positive energy
 p - a ring of see invisible (left hand)
 t - a +6 ring of strength (right hand)
 u - a ring of resist corrosion
Scrolls
 g - a scroll of enchant armour {unknown}
 l - a scroll of identify {unknown}
 m - a scroll of blinking {unknown}
 q - a scroll of poison {unknown}
 s - a scroll of amnesia {unknown}
Potions
 c - 2 potions of resistance {unknown}
 d - 2 potions of curing {unknown}
 e - a potion of heal wounds {unknown}
 h - a potion of haste {unknown}
 i - a potion of attraction {unknown}
 j - a potion of berserk rage {unknown}
 n - a potion of mutation {unknown}
 o - a potion of enlightenment {unknown}
 r - 2 potions of cancellation {unknown}


   Skills:
 + Level 6.3 Fighting
 + Level 7.0 Axes
 + Level 2.6 Armour
 + Level 4.7 Dodging
 + Level 0.8 Stealth


You had 6 spell levels left.
You didn't know any spells.
Your spell library was empty.

Dungeon Overview and Level Annotations

Branches:
Dungeon (3/15)

Altars:

Shops:
D:3 [?!


Innate Abilities, Weirdness & Mutations

You have a pair of horns on your head.
You reflexively headbutt those who attack you in melee.


Message History

You slash the gnoll! Your headbutt misses the gnoll.
The gnoll is heavily wounded.
The gnoll misses you.
You completely miss the gnoll.
The gnoll is heavily wounded.
The gnoll hits you with a +0 halberd!
You closely miss the gnoll. Your headbutt misses the gnoll.
The gnoll is heavily wounded.
The gnoll misses you.
You hit the gnoll. Your headbutt misses the gnoll.
The gnoll is severely wounded.
The gnoll hits you with a +0 halberd!
You completely miss the gnoll.
The gnoll is severely wounded.
The gnoll closely misses you.
You hit the gnoll but do no damage. Your headbutt misses the gnoll.
The gnoll is severely wounded.
The gnoll hits you with a +0 halberd!
* * * LOW HITPOINT WARNING * * *
You hit the gnoll.
You kill the gnoll!
Trog accepts your kill.
You start resting.
An orc comes into view. It is wielding a +0 trident.
The orc shouts!
The orc misses you.
The gnoll hits you from afar with a +0 spear!
* * * LOW HITPOINT WARNING * * *
The orc closely misses you. The gnoll attacks as it pursues you!
The gnoll closely misses you.
You hit the orc.
The orc is moderately wounded.
The orc barely misses you.
The gnoll hits you from afar with a +0 spear.
* * * LOW HITPOINT WARNING * * *
You hit the orc. You headbutt the orc.
The orc is heavily wounded.
The orc barely misses you.
The gnoll hits you from afar with a +0 spear.
You die...

###.......##?.......'........#
#..........#........###......#
#.)........#........# #......#
####.)........#.....)..#####.....
.))).))).)..))........... .......
~≈~≈~)≈~~~~~~~~~....~~~≈~≈~~≈~~≈≈
≈≈≈≈≈≈~≈≈≈≈≈≈≈≈~....~≈≈≈≈≈≈≈≈≈~≈≈
####~~~~~~~≈~~~~o)..~~~~~ ≈~~~≈#
..o#............@........ .....#
...#############''''##### ######
##'# ......#g...#.... # .#.'
......'....'.... .#
......#....#.... .#
################ .# .# .#


You could see a gnoll and an orc.

Vanquished Creatures
  Sigmund (D:3)
  4 howler monkeys (D:3)
  A hound (D:3)
  A gnoll bouda (D:3)
  Terence (D:3)
  16 gnolls
  3 adders
  A dart slug (D:1)
  6 orcs (D:3)
  7 ball pythons
  3 endoplasms
  2 giant cockroaches
  5 goblins
  6 hobgoblins
  7 jackals (D:3)
  3 bats (D:2)
  4 frilled lizards
  A kobold (D:1)
  2 rats (D:1)
74 creatures vanquished.

Notes
Turn   | Place    | Note
-------+----------+-------------------------------------------
     0 | D:1      | Curundu the Minotaur Berserker began the quest for the Orb.
     0 | D:1      | Reached XP level 1. HP: 19/19 MP: 0/0
   177 | D:1      | Reached skill level 4 in Axes
   177 | D:1      | Reached XP level 2. HP: 23/27 MP: 1/1
   433 | D:2      | Reached XP level 3. HP: 18/33 MP: 2/2
   637 | D:2      | Reached XP level 4. HP: 39/41 MP: 3/3
   658 | D:2      | Reached ** piety under Trog
  1332 | D:3      | Found Sued's Magic Scroll Shop.
  1350 | D:3      | Reached skill level 5 in Fighting
  1518 | D:3      | Noticed Sigmund
  1531 | D:3      | Killed Sigmund
  1532 | D:3      | Reached skill level 5 in Axes
  1532 | D:3      | Reached XP level 5. HP: 43/49 MP: 4/4
  1652 | D:3      | Found Tesujaac's Distillery.
  1657 | D:3      | Noticed Terence
  1667 | D:3      | Killed Terence
  1668 | D:3      | Reached XP level 6. HP: 56/57 MP: 5/5
  1798 | D:3      | Reached skill level 6 in Axes
  2135 | D:3      | Reached XP level 7. HP: 15/63 MP: 6/6
  2386 | D:3      | Found Buira's Antique Armour Emporium.
  2395 | D:3      | Reached skill level 7 in Axes
  2426 | D:3      | Slain by a gnoll

Illustrated notes

Levels and vault maps discovered:
D:1:      lightli_arrival_windingriver, layout_rooms
D:2:      layout_basic, serial_corexii_hall, chequers_hall_statues_wall_a,
          corexii_hall_statues_i, corexii_hall_statues_s,
          corexii_hall_statues_t, minmay_misc_feat_four_crosses
D:3:      lemuel_castle_with_subvaults [lemuel_castle_interior_carwin_1],
          layout_basic, pdpol_wu_jian_five_deadly_venoms, serial_glass,
          glass_columns_a, glass_columns_a, glass_columns_c, glass_columns_b,
          glass_columns_c, glass_columns_a, serial_shops, shop_fountains, shop,
          shop, minmay_door_square, uniq_sigmund, uniq_terence

Skill      XL: |  1  2  3  4  5  6  7 |
---------------+----------------------+-----
Axes           | 4 5 6 7 |  7.0
Fighting       | 4 5 6 |  6.3
Dodging        | 3 4 |  4.7
Armour         | |  2.6
Stealth        | |  0.8

Action                     |  1- 3 |  4- 6 |  7- 9 || total
---------------------------+-------+-------+-------++-------
  Melee: Hand axe          |    37 |    78 |    36 ||   151
         Headbutt          |     6 |    10 |     7 ||    23
 Invoke: Berserk           |     1 |     2 |     1 ||     4
         Trog's Hand       |       |     2 |       ||     2
 Armour: Animal skin       |    23 |    66 |    15 ||   104
  Dodge: Dodged            |    22 |    70 |    36 ||   128
